Map: Dusk Towers

Players

MorN - Winner!

  • Race: Terran Terran
  • League: Platinum

Railgun

  • Race: Protoss Protoss
  • League: Silver

VOD

Have the link to the VOD?

Description

Time

  • Played on: Nov. 12, 2015, 4:13 p.m.
  • Length: 6:55
Show
View Real Time Build Order
Export as new Build Order

MorN Terran - Winner!

Build Orders: Reaper Expand 

Get SALT Encoding   

  12  0:00  SCV  
  13  0:13  SCV  
  14  0:17  Supply Depot  
  14  0:25  SCV  
  15  0:39  SCV  
  15  0:40  Barracks  
  16  0:44  Refinery  
  16  0:51  SCV  
  17  1:03  SCV  
  18  1:15  SCV  
  19  1:29  Reaper, Orbital Command  
  20  1:46  Command Center  
  20  1:56  SCV  
  20  1:58  Supply Depot  
  21  2:04  Barracks Reactor  
  21  2:10  SCV  
  22  2:23  Factory  
  22  2:25  SCV  
  23  2:37  SCV  
  23  2:43  Marine x2  
  26  2:49  Barracks  
  26  2:50  Barracks  
  27  2:51  SCV  
  27  3:00  Orbital Command  
  27  3:03  SCV  
  27  3:06  Refinery, Marine x2  
  27  3:12  Starport  
  29  3:16  SCV  
  30  3:20  Widow Mine  
  32  3:27  SCV  
  32  3:29  SCV  
  34  3:37  Marine  
  34  3:38  Barracks Tech Lab  
  34  3:39  SCV  
  34  3:40  Barracks Tech Lab  
  36  3:41  SCV  
  37  3:48  Widow Mine  
  37  3:51  SCV  
  37  3:52  Medivac  
  37  3:53  SCV  
  43  3:58  Supply Depot  
  43  4:01  Supply Depot  
  43  4:03  SCV  
  43  4:06  Marine x2  
  46  4:14  Stimpack  
  46  4:20  SCV x2, Factory Reactor  
  48  4:26  Marine x2  
  48  4:30  Marauder x2  
  54  4:32  SCV x2  
  54  4:34  Supply Depot  
  56  4:45  SCV, Refinery  
  57  4:47  SCV  
  57  4:49  Marine x2  
  60  4:57  SCV  
  62  5:00  Command Center, SCV  
  62  5:03  Medivac  
  62  5:05  Medivac  
  66  5:09  SCV  
  66  5:12  SCV  
  66  5:13  Supply Depot  
  68  5:21  SCV  
  69  5:24  Engineering Bay  
  69  5:27  SCV  
  70  5:29  Factory Reactor  
  70  5:35  SCV, Marauder x2, Supply Depot, Marine x2  
  77  5:39  SCV  
  76  5:45  Refinery  
  76  5:47  SCV  
  77  5:52  SCV, Supply Depot  
  77  5:57  Marauder x2, Marine x2  
  78  5:59  SCV  
  85  6:04  SCV  
  85  6:09  Supply Depot  
  86  6:11  SCV, Barracks  
  86  6:13  Barracks  
  86  6:14  Marine  
  86  6:19  Marauder  
  86  6:21  SCV  
  89  6:30  Marine x2  
  94  6:38  SCV x2  
Show
View Real Time Build Order
Export as new Build Order

Railgun Protoss 

Build Orders:  

Get SALT Encoding   

  12  0:00  Probe (Chrono Boost)  
  13  0:11  Probe (Chrono Boost)  
  14  0:17  Pylon  
  14  0:22  Probe (Chrono Boost)  
  15  0:35  Probe (Chrono Boost)  
  16  0:39  Gateway  
  16  0:46  Probe (Chrono Boost)  
  17  0:56  Probe (Chrono Boost)  
  18  0:57  Assimilator  
  18  1:07  Probe (Chrono Boost)  
  19  1:17  Probe (Chrono Boost)  
  20  1:26  Cybernetics Core  
  20  1:27  Pylon  
  20  1:28  Probe (Chrono Boost), Assimilator  
  21  1:38  Probe (Chrono Boost)  
  22  1:49  Probe (Chrono Boost)  
  23  2:04  Mothership Core (Chrono Boost)  
  25  2:13  Nexus  
  25  2:22  Warp Gate (Chrono Boost)  
  24  2:43  Probe  
  24  2:51  Gateway  
  24  2:52  Gateway  
  24  2:54  Gateway  
  24  3:07  Robotics Facility  
  24  3:10  Gateway  
  24  3:13  Pylon  
  24  3:25  Nexus  
  24  3:37  Probe  
  24  3:39  Probe  
  26  3:48  Probe  
  26  3:51  Probe  
  26  3:55  Observer  
  29  3:58  Probe  
  29  3:59  Pylon  
  29  4:01  Pylon  
  30  4:04  Pylon  
  30  4:09  Gateway  
  30  4:14  Probe  
  30  4:15  Probe  
  32  4:30  Pylon  
  32  4:34  Adept  
  32  4:35  Adept x2  
  32  4:37  Probe  
  38  4:39  Probe  
  38  4:40  Probe  
  41  4:49  Probe  
  41  4:51  Probe x2  
  44  4:59  Robotics Bay  
  44  5:03  Probe x2  
  44  5:04  Probe  
  47  5:17  Probe x2  
  47  5:18  Probe  
  50  5:25  Assimilator  
  45  5:30  Assimilator  
  45  5:32  Probe x2  
  45  5:33  Probe  
  42  5:42  Probe  
  42  5:43  Probe  
  42  5:45  Probe  
  42  5:49  Observer (Chrono Boost)  
  43  5:57  Probe x2  
  43  5:58  Probe  
  46  6:06  Stalker x2  
  46  6:07  Probe  
  46  6:08  Probe, Disruptor (Chrono Boost)  
  46  6:10  Probe  
  52  6:19  Probe x2  
  52  6:22  Probe  
  46  6:35  Stalker x3  
  43  6:50  Stalker  
Tags
 
Add a new tag
Caveats
  • Supply blocks, unpowered buildings, or Contaminate may cause inaccurate times.
  • Supply counts are checked every 10 seconds.